 Dungeon Crawl Stone Soup version 0.31.0-32-g396128a36d (webtiles) character file.

Game seed: 5040750685619345407

134 booth the Chopper (level 4, -2/52 HPs)
             Began as a Demonspawn Gladiator on Apr 19, 2024.
             Slain by a gnoll
             ... wielding a +2 halberd of protection
              (6 damage)
             ... on level 4 of the Dungeon.
             The game lasted 00:16:54 (2539 turns).

booth the Chopper (Demonspawn Gladiator)            Turns: 2539, Time: 00:16:55

Health: -2/52      AC:  8    Str: 14    XL:     4   Next: 95%
Magic:  4/4        EV: 16    Int: 10    God:
Gold:   101        SH:  0    Dex: 15    Spells: 3/3 levels left

rFire   . . .        a - +0 war axe
rCold   . . .        (no shield)
rNeg    . . .        h - +0 ring mail
rPois   .            c - +0 helmet
rElec   .            (no cloak)
rCorr   .            k - +0 pair of gloves
SInv    .            b - +0 pair of boots
Will    .....        j - amulet of regeneration Stlth
                     (no ring)
HPRegen 1.08/turn    (no ring)
MPRegen 0.09/turn

%: no passive effects
@: agile, berserking, very quick
A: claws 1, powered by pain 1, spiny 1
a: no special abilities


You were on level 4 of the Dungeon.
You visited 1 branch of the dungeon, and saw 4 of its levels.

You collected 101 gold pieces.

Inventory:

Hand Weapons
 a - a +0 war axe (weapon)
Missiles
 d - 3 throwing nets (quivered)
 e - a javelin
Armour
 b - a +0 pair of boots (worn)
 c - a +0 helmet (worn)
 h - a +0 ring mail (worn)
 i - a +0 scale mail
 k - a +0 pair of gloves (worn)
Jewellery
 j - an amulet of regeneration (around neck)
Wands
 n - a wand of roots (9)
Scrolls
 m - a scroll of revelation
 o - a scroll of enchant armour {unknown}
Potions
 f - a potion of might
 g - 2 potions of berserk rage


   Skills:
 + Level 3.0 Fighting
 * Level 4.1 Axes
 + Level 2.7 Throwing
 - Level 2.6 Dodging


You had 3 spell levels left.
You didn't know any spells.
Your spell library contained the following spells:

 Spells                   Type           Power      Damage    Failure   Level
 Dazzling Flash           Conj/Hex       0%         N/A       93%         3
 Mephitic Cloud           Conj/Alch/Air  0%         N/A       93%         3
 Curse of Agony           Necr           0%         N/A       100%        5
 Silence                  Hex/Air        0%         N/A       100%        5


Dungeon Overview and Level Annotations

Branches:
Dungeon (4/15)
 Temple: D:4-7

Altars:


Innate Abilities, Weirdness & Mutations

You have sharp fingernails.
You sometimes gain a little power by taking damage.
You are partially covered in sharp spines.


Message History

You slash the gnoll!
You kill the gnoll!
The gnoll completely misses you.
You barely miss the gnoll. The gnoll completely misses you. x2
You hit the gnoll but do no damage. The gnoll misses you.
The gnoll is struck by your spines. The gnoll hits you with a +0 club.
You barely miss the gnoll.
The gnoll is lightly wounded.
The gnoll hits you but does no damage. The gnoll hits you with a +0 club.
The gnoll hits you from afar with a +2 halberd of protection.
You barely miss the gnoll.
The gnoll is lightly wounded.
The gnoll misses you.
The gnoll hits you from afar with a +2 halberd of protection!
You focus on the pain.
You feel agile all of a sudden. The gnoll is struck by your spines.
The gnoll completely misses you.
You closely miss the gnoll.
The gnoll is moderately wounded.
The gnoll hits you from afar with a +2 halberd of protection.
The gnoll is struck by your spines. The gnoll barely misses you.
You closely miss the gnoll.
The gnoll is moderately wounded.
The gnoll hits you from afar with a +2 halberd of protection.
The gnoll barely misses you.
You barely miss the gnoll.
The gnoll is moderately wounded.
The gnoll barely misses you. x2
The gnoll hits you from afar with a +2 halberd of protection!
* * * LOW HITPOINT WARNING * * *
The gnoll closely misses you.
You barely miss the gnoll.
The gnoll is moderately wounded.
The gnoll misses you. The gnoll is struck by your spines.
The gnoll hits you with a +0 club.
* * * LOW HITPOINT WARNING * * *
A red film seems to cover your vision as you go berserk!
You feel yourself moving faster!
You feel mighty!
The gnoll hits you from afar with a +2 halberd of protection.
You die...

# #######.##
#ggg@....#
#.####...# #.#
...#
..........g......
.#.####.###....###
#.. ...# ### ####


You could see 3 gnolls.

Vanquished Creatures
  2 gnolls
  2 adders
  2 dart slugs
  12 orcs (D:1)
  4 bats
  9 endoplasms
  4 giant cockroaches
  2 hobgoblins
  2 jackals (D:1)
  A quokka (D:1)
  4 ball pythons
  7 frilled lizards
  10 goblins
  9 kobolds
  6 rats
76 creatures vanquished.

Notes
Turn   | Place    | Note
-------+----------+-------------------------------------------
     0 | D:1      | booth the Demonspawn Gladiator began the quest for the Orb.
     0 | D:1      | Reached XP level 1. HP: 16/16 MP: 1/1
   115 | D:1      | Reached skill level 3 in Axes
   143 | D:1      | Gained mutation: You are partially covered in sharp spines.
                  | [demonic ancestry]
   143 | D:1      | Reached XP level 2. HP: 22/22 MP: 2/2
   152 | D:1      | Found a large runed translucent door.
   152 | D:1      | Found a large runed translucent door.
   355 | D:1      | Gained mutation: You sometimes gain a little power by
                  | taking damage. [demonic ancestry]
   355 | D:1      | Reached XP level 3. HP: 28/28 MP: 3/3
   691 | D:1      | Gained mutation: You have sharp fingernails. [demonic
                  | ancestry]
   691 | D:1      | Reached XP level 4. HP: 18/34 MP: 4/4
  1328 | D:2      | Found a faded altar of an unknown god.
  1766 | D:2      | Reached skill level 4 in Axes
  2539 | D:4      | Slain by a gnoll

Illustrated notes

Levels and vault maps discovered:
D:1:      erik_arrival_cave_to_civilisation [erik_arrival_cave_to_temple],
          layout_rooms
D:2:      layout_basic, dreamdust_ecumenical_altar_angels_and_demons,
          minivault_11, grunt_ministairs_1, hangedman_decor_growths,
          corexii_hall_statues_x, chequers_arboretum
D:3:      layout_loops_ring
D:4:      layout_loops_corners, minmay_fractal_squares_5

Skill      XL: |  1  2  3  4 |
---------------+-------------+-----
Axes           | 3 4 |  4.1
Throwing       | 2 |  2.7
Fighting       | 3 |  3.0
Dodging        | |  2.6

Action                     |  1- 3 |  4- 6 || total
---------------------------+-------+-------++-------
  Melee: War axe           |    65 |    56 ||   121
  Throw: Javelin           |     1 |       ||     1
         Throwing net      |     1 |       ||     1
    Use: Scroll            |       |     5 ||     5
         Potion            |       |     2 ||     2
   Stab: Distracted        |     1 |       ||     1
 Armour: Leather armour    |    37 |     8 ||    45
         Ring mail         |       |    24 ||    24
  Dodge: Dodged            |    38 |    40 ||    78
